 Dungeon Crawl Stone Soup version 0.21.1-1-g345015f (webtiles) character file.

2151 tidbits the Covert (level 9, -1/69 HPs)
             Began as a Gnoll Assassin on Mar 29, 2018.
             Killed from afar by a steam dragon (15 damage)
             ... with a ball of steam
             ... on level 8 of the Dungeon.
             The game lasted 00:19:32 (1902 turns).

tidbits the Covert (Gnoll Assassin)                 Turns: 1902, Time: 00:19:33

Health: -1/69      AC:  6    Str: 13    XL:     9   Next: 31%
Magic:  15/15      EV: 15    Int: 19    God:
Gold:   372        SH:  7    Dex: 18    Spells: 16/16 levels left

rFire    . . .     SeeInvis .   b - +2 war axe (freeze)
rCold    . . .     Gourm    .   D - +2 buckler
rNeg     . . .     Faith    .   B - +0 robe
rPois    .         Spirit   .   (no helmet)
rElec    .         Reflect  .   C - +0 cloak
rCorr    .         Harm     .   G - +2 pair of gloves
MR       .....                  (no boots)
Stlth    ++++......             (no amulet)
HPRegen  0.21/turn              u - +3 ring of intelligence
MPRegen  0.14/turn              (no ring)

@: no status effects
A: distributed training, fangs 1, strong nose
a: no special abilities


You were on level 8 of the Dungeon.
You were not hungry.

You visited 2 branches of the dungeon, and saw 9 of its levels.
You also visited: Sewer.

You collected 372 gold pieces.

Inventory:

Hand Weapons
 a - a +2 dagger
 b - a +2 war axe of freezing (weapon)
   (You found it on level 4 of the Dungeon)
 g - a +0 blowgun
 m - a +0 falchion
 n - a +0 hunting sling
 o - a +0 short sword
 v - a +0 war axe of venom
   (You found it on level 7 of the Dungeon)
 A - a -1 hand axe
Missiles
 e - 65 poisoned needles
 f - 2 curare-tipped needles
 h - 48 stones (quivered)
 q - 3 needles of confusion
Armour
 B - a +0 robe (worn)
 C - a +0 cloak (worn)
 D - a +2 buckler (worn)
 G - a +2 pair of gloves (worn)
Jewellery
 u - a +3 ring of intelligence (left hand)
   (You found it on level 4 of the Dungeon)
Wands
 t - a wand of flame (37)
Scrolls
 d - a scroll of enchant armour {unknown}
 i - a scroll of fear
 k - a scroll of teleportation {unknown}
 l - a scroll of enchant weapon {unknown}
 r - a scroll of remove curse
 x - a scroll of amnesia {unknown}
 y - a scroll of blinking
Potions
 j - 2 potions of curing
 s - 2 potions of ambrosia {unknown}
Comestibles
 c - 12 rations


   Skills:
 + Level 6.2 Fighting
 + Level 6.2 Short Blades
 + Level 4.0 Long Blades
 + Level 4.0 Axes
 + Level 4.0 Maces & Flails
 + Level 4.0 Polearms
 + Level 4.0 Staves
 + Level 4.0 Slings
 + Level 4.0 Bows
 + Level 4.0 Crossbows
 + Level 6.2 Throwing
 + Level 4.0 Armour
 + Level 4.9 Dodging
 + Level 8.9 Stealth
 + Level 4.0 Shields
 + Level 4.0 Unarmed Combat
 + Level 4.0 Spellcasting
 + Level 3.3 Conjurations
 + Level 3.3 Hexes
 + Level 3.3 Charms
 + Level 3.3 Summonings
 + Level 3.3 Necromancy
 + Level 3.3 Translocations
 + Level 3.3 Transmutations
 + Level 3.3 Fire Magic
 + Level 3.3 Ice Magic
 + Level 3.3 Air Magic
 + Level 3.3 Earth Magic
 + Level 3.3 Poison Magic
 + Level 4.4 Invocations
 + Level 4.0 Evocations


You had 16 spell levels left.
You didn't know any spells.

Dungeon Overview and Level Annotations

Branches:
Dungeon (8/15)             Temple (1/1) D:5            Lair (0/6) D:8

Altars:
Dithmenos
Elyvilon
Fedhas
Gozag
Kikubaaqudgha
Nemelex Xobeh
Qazlal
Ru
Vehumet
Wu Jian
Yredelemnul
Zin
The Shining One

Annotations:
D:7 exclusion: centaur


Innate Abilities, Weirdness & Mutations

Your experience applies equally to all skills.
You have very sharp teeth.
Your uncanny sense of smell can sniff out nearby items.


Message History

The orc wizard casts a spell.
The orc wizard blinks!
An orc comes into view. It is wielding a flail.
The orc wizard casts a spell at you. The magic dart hits you!
* * * LOW HITPOINT WARNING * * *
Things that are here:
a scimitar of flaming; a robe You hit the orc wizard.
You freeze the orc wizard.
The orc wizard is lightly wounded.
The orc wizard gestures wildly while chanting.
The orc wizard blinks!
The orc wizard points at you and mumbles some strange words.
The magic dart hits you!
* * * LOW HITPOINT WARNING * * *
You barely miss the orc wizard.
The orc wizard is lightly wounded.
The orc wizard points at you and mumbles some strange words.
The magic dart hits you!
* * * LOW HITPOINT WARNING * * *
The orc wizard hits you but does no damage.
An orc warrior comes into view. It is wielding a mace.
You barely miss the orc wizard.
The orc wizard is lightly wounded.
The orc wizard closely misses you.
Unknown command.
You closely miss the orc wizard.
The orc wizard is lightly wounded.
The orc wizard hits you with a dagger.
* * * LOW HITPOINT WARNING * * *
The orc wizard gestures wildly while chanting.
The orc wizard blinks!
The orc warrior shouts!
You slash the orc wizard! You freeze the orc wizard.
You kill the orc wizard!
You hit the orc. You freeze the orc.
You hear a shout!
The orc barely misses you.
You hear a shout!
You barely miss the orc wizard. Your bite misses the orc wizard.
The orc wizard is lightly wounded.
You closely miss the orc.
You hear an angry hiss.
You block the orc wizard's attack. The orc completely misses you.
The orc wizard casts a spell at you. The magic dart hits you!
* * * LOW HITPOINT WARNING * * *
You closely miss the orc wizard.
The orc wizard is lightly wounded.
You slash the orc! You freeze the orc.
You kill the orc!
The orc wizard misses you. You block the orc wizard's attack.
You barely miss the orc wizard.
The orc wizard is lightly wounded.
The orc wizard gestures wildly while chanting.
The orc wizard blinks!
Evoke which item? (* to show all) (? for menu, Esc to quit)
Aiming: Paralyse
Press: ? - help, Shift-Dir - straight line, f - orc warrior
Aim: an orc warrior, wielding a mace and wearing a chain mail (chance to defeat MR: 58%)
The orc warrior resists with significant effort.
The orc wizard hits you with a dagger.
* * * LOW HITPOINT WARNING * * *
A steam dragon comes into view.
Okay, then.
Evoke which item? (* to show all) (? for menu, Esc to quit)
Aiming: Paralyse
Press: ? - help, Shift-Dir - straight line, f/p - orc warrior
Aim: an orc warrior, wielding a mace and wearing a chain mail (chance to defeat MR: 58%)
The orc warrior resists with significant effort.
The orc wizard completely misses you. The orc warrior misses you.
The orc wizard barely misses you.
Evoke which item? (* to show all) (? for menu, Esc to quit)
Aiming: Paralyse
Press: ? - help, Shift-Dir - straight line, f/p - orc warrior
Aim: an orc warrior, wielding a mace and wearing a chain mail (chance to defeat MR: 58%)
The orc warrior suddenly stops moving!
The orc wizard hits you but does no damage.
Evoke which item? (* to show all) (? for menu, Esc to quit)
Aiming: Paralyse
Press: ? - help, Shift-Dir - straight line, f - orc wizard, p - orc warrior
Aim: an orc wizard, wielding a dagger and wearing a robe (lightly wounded, fast, chance to defeat MR: 58%)
The orc wizard resists with significant effort.
The orc wizard barely misses you. You block the orc wizard's attack.
Evoke which item? (* to show all) (? for menu, Esc to quit)
Aiming: Paralyse
Press: ? - help, Shift-Dir - straight line, f - steam dragon, p - orc wizard
Aim: a steam dragon (chance to defeat MR: 58%)
The steam dragon resists with significant effort.
The orc wizard misses you. You block the steam dragon's attack.
The steam dragon closely misses you.
Evoke which item? (* to show all) (? for menu, Esc to quit)
Aiming: Paralyse
Press: ? - help, Shift-Dir - straight line, f/p - steam dragon
Aim: a steam dragon (chance to defeat MR: 58%)
The steam dragon resists with significant effort.
The now-empty wand crumbles to dust.
You block the orc wizard's attack. The steam dragon breathes steam at you.
The ball of steam hits you!
You die...

##..# ...# .... #...
#..##'##...
#..#o...o.. ... ∆
#.o#o.o...
...#######.@#....#
........#Do#....#
#......##)#....#
+......#..#....#
#......#..'....#
#...o..#..#....#
#......#..#....#
#...(.#......##'#....#
#.....#......'..#....#


You could see a steam dragon, an orc warrior (paralysed) and an orc wizard.

Vanquished Creatures
  Erica (D:8)
  The ghost of Curus the Chopper, an amateur HOAK of Lugonu (D:4)
  The ghost of Verendum the Poker, an amateur MfGl (D:3)
  2 orc warriors
  An ogre (D:7)
  An ice beast (D:8)
  2 bullfrogs (Sewer)
  6 killer bees (D:8)
  2 hounds
  3 orc wizards
  An orc priest (D:5)
  A jelly (D:5)
  2 worker ants
  A worker ant zombie (D:8)
  6 adders
  11 oozes
  A worm (D:5)
  7 leopard geckos
  15 orcs
  4 bats
  8 giant cockroaches (Sewer)
  6 goblins
  4 hobgoblins
  13 jackals
  8 ball pythons
  12 frilled lizards
  7 kobolds
  A quokka skeleton (D:7)
  6 rats
134 creatures vanquished.

Notes
Turn   | Place    | Note
-------+----------+-------------------------------------------
     0 | D:1      | tidbits the Gnoll Assassin began the quest for the Orb.
     0 | D:1      | Reached XP level 1. HP: 20/20 MP: 1/1
    89 | D:1      | Reached XP level 2. HP: 13/26 MP: 2/2
   252 | D:2      | Found a shadowy altar of Dithmenos.
   379 | D:3      | Reached XP level 3. HP: 17/31 MP: 3/3
   396 | D:3      | Found a radiant altar of Vehumet.
   416 | D:3      | Reached skill level 1 in Invocations
   461 | D:3      | Reached skill level 1 in Long Blades
   461 | D:3      | Reached skill level 1 in Axes
   461 | D:3      | Reached skill level 1 in Maces & Flails
   461 | D:3      | Reached skill level 1 in Polearms
   461 | D:3      | Reached skill level 1 in Staves
   461 | D:3      | Reached skill level 1 in Slings
   461 | D:3      | Reached skill level 1 in Bows
   461 | D:3      | Reached skill level 1 in Crossbows
   461 | D:3      | Reached skill level 1 in Armour
   461 | D:3      | Reached skill level 1 in Shields
   461 | D:3      | Reached skill level 1 in Unarmed Combat
   461 | D:3      | Reached skill level 1 in Spellcasting
   461 | D:3      | Reached skill level 1 in Evocations
   497 | D:3      | Reached XP level 4. HP: 25/38 MP: 5/5
   575 | D:3      | Noticed Verendum's ghost (amateur MfGl)
   670 | D:4      | Noticed Curus's ghost (amateur HOAK)
   685 | D:4      | Killed Curus's ghost
   685 | D:4      | Reached skill level 3 in Dodging
   685 | D:4      | Reached skill level 1 in Conjurations
   685 | D:4      | Reached skill level 1 in Hexes
   685 | D:4      | Reached skill level 1 in Charms
   685 | D:4      | Reached skill level 1 in Summonings
   685 | D:4      | Reached skill level 1 in Necromancy
   685 | D:4      | Reached skill level 1 in Translocations
   685 | D:4      | Reached skill level 1 in Transmutations
   685 | D:4      | Reached skill level 1 in Fire Magic
   685 | D:4      | Reached skill level 1 in Ice Magic
   685 | D:4      | Reached skill level 1 in Air Magic
   685 | D:4      | Reached skill level 1 in Earth Magic
   685 | D:4      | Reached skill level 1 in Poison Magic
   685 | D:4      | Reached XP level 5. HP: 28/43 MP: 5/7
   702 | D:4      | Reached skill level 8 in Stealth
   702 | D:4      | Reached skill level 2 in Invocations
   702 | D:4      | Reached XP level 6. HP: 35/50 MP: 6/8
   856 | D:5      | Entered Level 5 of the Dungeon
   913 | D:4      | Found a sacrificial altar of Ru.
   995 | D:5      | Found a glowing drain.
  1033 | Sewer    | Entered a sewer
  1082 | Sewer    | Reached skill level 5 in Fighting
  1082 | Sewer    | Reached skill level 5 in Short Blades
  1082 | Sewer    | Reached skill level 5 in Throwing
  1122 | Sewer    | Reached skill level 2 in Long Blades
  1122 | Sewer    | Reached skill level 2 in Axes
  1122 | Sewer    | Reached skill level 2 in Maces & Flails
  1122 | Sewer    | Reached skill level 2 in Polearms
  1122 | Sewer    | Reached skill level 2 in Staves
  1122 | Sewer    | Reached skill level 2 in Slings
  1122 | Sewer    | Reached skill level 2 in Bows
  1122 | Sewer    | Reached skill level 2 in Crossbows
  1122 | Sewer    | Reached skill level 2 in Armour
  1122 | Sewer    | Reached skill level 2 in Shields
  1122 | Sewer    | Reached skill level 2 in Unarmed Combat
  1122 | Sewer    | Reached skill level 2 in Spellcasting
  1122 | Sewer    | Reached skill level 2 in Evocations
  1252 | Sewer    | Reached XP level 7. HP: 26/56 MP: 10/10
  1311 | D:5      | Reached skill level 2 in Conjurations
  1311 | D:5      | Reached skill level 2 in Hexes
  1311 | D:5      | Reached skill level 2 in Charms
  1311 | D:5      | Reached skill level 2 in Summonings
  1311 | D:5      | Reached skill level 2 in Necromancy
  1311 | D:5      | Reached skill level 2 in Translocations
  1311 | D:5      | Reached skill level 2 in Transmutations
  1311 | D:5      | Reached skill level 2 in Fire Magic
  1311 | D:5      | Reached skill level 2 in Ice Magic
  1311 | D:5      | Reached skill level 2 in Air Magic
  1311 | D:5      | Reached skill level 2 in Earth Magic
  1311 | D:5      | Reached skill level 2 in Poison Magic
  1326 | D:5      | Found a staircase to the Ecumenical Temple.
  1337 | Temple   | Entered the Ecumenical Temple
  1466 | D:3      | Killed Verendum's ghost
  1466 | D:3      | Reached skill level 3 in Invocations
  1578 | D:6      | Reached XP level 8. HP: 50/63 MP: 12/12
  1661 | D:7      | Reached skill level 3 in Long Blades
  1661 | D:7      | Reached skill level 3 in Axes
  1661 | D:7      | Reached skill level 3 in Maces & Flails
  1661 | D:7      | Reached skill level 3 in Polearms
  1661 | D:7      | Reached skill level 3 in Staves
  1661 | D:7      | Reached skill level 3 in Slings
  1661 | D:7      | Reached skill level 3 in Bows
  1661 | D:7      | Reached skill level 3 in Crossbows
  1661 | D:7      | Reached skill level 3 in Armour
  1661 | D:7      | Reached skill level 4 in Dodging
  1661 | D:7      | Reached skill level 3 in Shields
  1661 | D:7      | Reached skill level 3 in Unarmed Combat
  1661 | D:7      | Reached skill level 3 in Spellcasting
  1661 | D:7      | Reached skill level 3 in Evocations
  1730 | D:7      | Found an ancient bone altar of Kikubaaqudgha.
  1761 | D:8      | Found a staircase to the Lair.
  1865 | D:8      | Noticed Erica
  1884 | D:8      | Killed Erica
  1884 | D:8      | Reached skill level 6 in Fighting
  1884 | D:8      | Reached skill level 6 in Short Blades
  1884 | D:8      | Reached skill level 4 in Long Blades
  1884 | D:8      | Reached skill level 4 in Axes
  1884 | D:8      | Reached skill level 4 in Maces & Flails
  1884 | D:8      | Reached skill level 4 in Polearms
  1884 | D:8      | Reached skill level 4 in Staves
  1884 | D:8      | Reached skill level 4 in Slings
  1884 | D:8      | Reached skill level 4 in Bows
  1884 | D:8      | Reached skill level 4 in Crossbows
  1884 | D:8      | Reached skill level 6 in Throwing
  1884 | D:8      | Reached skill level 4 in Armour
  1884 | D:8      | Reached skill level 4 in Shields
  1884 | D:8      | Reached skill level 4 in Unarmed Combat
  1884 | D:8      | Reached skill level 4 in Spellcasting
  1884 | D:8      | Reached skill level 3 in Conjurations
  1884 | D:8      | Reached skill level 3 in Hexes
  1884 | D:8      | Reached skill level 3 in Charms
  1884 | D:8      | Reached skill level 3 in Summonings
  1884 | D:8      | Reached skill level 3 in Necromancy
  1884 | D:8      | Reached skill level 3 in Translocations
  1884 | D:8      | Reached skill level 3 in Transmutations
  1884 | D:8      | Reached skill level 3 in Fire Magic
  1884 | D:8      | Reached skill level 3 in Ice Magic
  1884 | D:8      | Reached skill level 3 in Air Magic
  1884 | D:8      | Reached skill level 3 in Earth Magic
  1884 | D:8      | Reached skill level 3 in Poison Magic
  1884 | D:8      | Reached skill level 4 in Invocations
  1884 | D:8      | Reached skill level 4 in Evocations
  1884 | D:8      | Reached XP level 9. HP: 38/69 MP: 12/15
  1902 | D:8      | Killed from afar by a steam dragon

Skill      XL: |  1  2  3  4  5  6  7  8 |
---------------+-------------------------+-----
Invocations    | 1 2 3 4 |  4.4
Long Blades    | 1 2 4 |  4.0
Axes           | 1 2 4 |  4.0
Maces & Flails | 1 2 4 |  4.0
Polearms       | 1 2 4 |  4.0
Staves         | 1 2 4 |  4.0
Slings         | 1 2 4 |  4.0
Bows           | 1 2 4 |  4.0
Crossbows      | 1 2 4 |  4.0
Armour         | 1 2 4 |  4.0
Shields        | 1 2 4 |  4.0
Unarmed Combat | 1 2 4 |  4.0
Spellcasting   | 1 2 4 |  4.0
Evocations     | 1 2 4 |  4.0
Dodging        | 3 4 |  4.9
Conjurations   | 1 2 3 |  3.3
Hexes          | 1 2 3 |  3.3
Charms         | 1 2 3 |  3.3
Summonings     | 1 2 3 |  3.3
Necromancy     | 1 2 3 |  3.3
Translocations | 1 2 3 |  3.3
Transmutations | 1 2 3 |  3.3
Fire Magic     | 1 2 3 |  3.3
Ice Magic      | 1 2 3 |  3.3
Air Magic      | 1 2 3 |  3.3
Earth Magic    | 1 2 3 |  3.3
Poison Magic   | 1 2 3 |  3.3
Stealth        | 8 |  8.9
Fighting       | 5 6 |  6.2
Short Blades   | 5 6 |  6.2
Throwing       | 5 6 |  6.2

Action                   |  1- 3 |  4- 6 |  7- 9 || total
-------------------------+-------+-------+-------++-------
Melee: Dagger            |    97 |    53 |    25 ||   175
       Bite              |     9 |    10 |    10 ||    29
       War axe           |       |    74 |    70 ||   144
 Fire: Blowgun           |       |     8 |       ||     8
Throw: Stone             |       |       |     1 ||     1
Evoke: Wand              |       |     9 |    22 ||    31
  Use: Potion            |       |     2 |     5 ||     7
       Scroll            |       |       |     7 ||     7
 Stab: Sleeping          |     2 |    11 |     4 ||    17
       Distracted        |     1 |     2 |       ||     3
       Paralysed         |       |       |    13 ||    13
  Eat: Chunk             |       |     2 |     1 ||     3
       Ration            |       |       |     1 ||     1
Armor: Robe              |    13 |    18 |    12 ||    43
       Skin              |       |       |    23 ||    23
Dodge: Dodged            |    49 |    73 |    71 ||   193
Block: Buckler           |    24 |    36 |    39 ||    99

Table legend:
 A = Turns spent in this place as a percentage of turns spent in the entire game.
 B = Non-inter-level travel turns spent in this place as a percentage of non-inter-level travel turns spent in the entire game.
 C = Inter-level travel turns spent in this place as a percentage of turns spent in this place.
 D = Turns resting spent in this place as a percentage of non-inter-level travel turns spent in this place.
 E = Turns spent auto-exploring this place as a percentage of non-inter-level travel turns spent in this place.
 F = Non-inter-level travel turns spent in this place divided by the number of levels of this place that you've seen.
                   A       B       C       D       E      F
               +-------+-------+-------+-------+-------+----------------------
         Total | 100.0 | 100.0 |   0.0 |   0.0 |   0.0 | 190.2
       Dungeon |  83.3 |  83.3 |   0.0 |   0.0 |   0.0 | 198.0
        Temple |   3.4 |   3.4 |   0.0 |   0.0 |   0.0 |  64.0
         Sewer |  13.4 |  13.4 |   0.0 |   0.0 |   0.0 | 254.0
               +-------+-------+-------+-------+-------+----------------------

Table legend:
 A = Kills in this place as a percentage of kills in entire the game.
 B = Kills by you in this place as a percentage of kills by you in the entire game.
 C = Kills by friends in this place as a percentage of kills by friends in the entire game.
 D = Other kills in this place as a percentage of other kills in the entire game.
 E = Experience gained in this place as a percentage of experience gained in the entire game.
 F = Experience gained in this place divided by the number of levels of this place that you have seen.
                   A       B       C       D       E      F
               +-------+-------+-------+-------+-------+----------------------
         Total | 100.0 | 100.0 |   N/A |   N/A | 100.0 | 307.4
       Dungeon |  68.7 |  68.7 |   N/A |   N/A |  89.2 | 342.8
         Sewer |  31.3 |  31.3 |   N/A |   N/A |  10.8 | 332.0
               +-------+-------+-------+-------+-------+----------------------

Vault maps used:
D:1:      dpeg_arrival_rooms_with_view, minmay_misc_feat_enclosed,
          minmay_lizard_pond
D:2:      nicolae_dithmenos_through_a_glass_darkly,
          nicolae_qazlal_general_emergency
D:3:      old_standard_altar, minmay_ogre_servants
D:4:      nicolae_ru_the_path_less_chosen
D:5:      minmay_temple_entry_overgrown, first_ration,
          cheibrodos_sewer_entry_drain, minmay_door_square, doesnt_xom_only_xom,
          uniq_sigmund
D:6:      old_standard_altar, chequers_temple_overflow_statue_of_worship
D:7:      kiku_gazebo_garden_becter, grunt_livestock, glass_columns_a
D:8:      chequers_temple_overflow_minitemple, led_sif_book, marbit_many_paths,
          lair_entry_dummy, serial_shops, shop, uniq_erica
Temple:   jpeg_temple_island
Sewer:    sewer_frog_island_02
